 Dungeon Crawl Stone Soup version 0.32-a0-468-g38b2580584 (webtiles) character file.

Game seed: 9507546552143502703

12933 Atlas the Thaumaturge (level 11, -4/72 HPs)
             Began as a Demonspawn Fire Elementalist on Feb 25, 2024.
             Was a Priest of Vehumet.
             Slain by Erolcha
             ... wielding a +0 giant club
              (17 damage)
             ... on level 11 of the Dungeon.
             The game lasted 00:15:44 (10541 turns).

Atlas the Thaumaturge (DsFE)                       Turns: 10541, Time: 00:15:45

Health: -4/72      AC:  8    Str: 10    XL:     11   Next: 68%
Magic:  0/26       EV: 11    Int: 27    God:    Vehumet [***...]
Gold:   1285       SH:  6    Dex: 13    Spells: 23/33 levels left

rFire   + . .        q - staff of the Revolution {rPois rF+ rN+ rCorr Str-4 Fire}
rCold   . . .        (no shield)
rNeg    + . .        v - +0 acid dragon scales
rPois   +            (no helmet)
rElec   .            I - +0 cloak {Stlth+}
rCorr   +            (no gloves)
SInv    .            (no boots)
Will    .....        (no amulet)
Stlth   +++          L - +6 ring of intelligence
HPRegen 0.32/turn    C - +6 ring of strength
MPRegen 0.40/turn

%: guardian spirit
@: no status effects
A: large bone plates 2, powered by death 2, magic shield, magic regeneration
a: Renounce Religion


You were on level 11 of the Dungeon.
You worshipped Vehumet.
Vehumet was most pleased with you.
You visited 2 branches of the dungeon, and saw 12 of its levels.

You collected 1285 gold pieces.

Inventory:

Hand Weapons
 y - the +2 mace "Dragonbane" {elec, rElec rC+}
   (You found it on level 5 of the Dungeon)

   rC+:       It protects you from cold.
   rElec:     It insulates you from electricity.
Armour
 b - +0 steam dragon scales
 v - +0 acid dragon scales (worn)
 A - a +1 robe of resistance
 I - a +0 cloak of stealth (worn)
Magical Staves
 q - the staff of the Revolution (weapon) {rPois rF+ rN+ rCorr Str-4 Fire}
   (You found it on level 3 of the Dungeon)

   [staff of fire]

   Base accuracy: +5 Base damage: 5 Base attack delay: 1.2 This weapon's minimum
   attack delay (0.6) is reached at skill level 12.
   Str-4:     It affects your strength (-4).
   rF+:       It protects you from fire.
   rPois:     It protects you from poison rN+: It protects you from negative
   energy.
   rCorr:     It protects you from acid and corrosion.
   Fire:      It increases the power of your Fire spells.
   It falls into the 'Staves' category.
   It is a one-handed weapon.
Jewellery
 d - a ring of fire
 C - a +6 ring of strength (right hand)
 L - a +6 ring of intelligence (left hand)
 M - a ring of protection from fire
Wands
 j - a wand of mindburst (24)
 t - a wand of roots (17)
 z - a wand of charming (5)
 F - a wand of flame (16)
 H - a wand of polymorph (6)
Scrolls
 a - a scroll of enchant weapon
 c - 6 scrolls of teleportation
 e - 2 scrolls of brand weapon
 g - 2 scrolls of poison
 i - 2 scrolls of amnesia
 k - 2 scrolls of vulnerability
 l - a scroll of silence
 n - 3 scrolls of immolation
 p - 2 scrolls of fear
 u - 3 scrolls of blinking
 w - a scroll of fog
 B - 3 scrolls of revelation
 D - a scroll of enchant armour
 J - 2 scrolls of noise
 K - a scroll of torment
Potions
 f - a potion of haste {unknown}
 h - 2 potions of attraction {unknown}
 m - 3 potions of degeneration {unknown}
 o - 4 potions of cancellation
 r - 3 potions of heal wounds {unknown}
 s - 6 potions of curing {unknown}
 x - a potion of brilliance {unknown}
 E - 2 potions of might {unknown}
 G - 2 potions of mutation {unknown}
Miscellaneous
 N - a phantom mirror


   Skills:
 + Level 1.8 Fighting
 + Level 0.1 Short Blades
 + Level 0.2 Staves
 + Level 3.3 Armour
 + Level 2.9 Dodging
 - Level 2.0 Stealth
 + Level 1.4 Shields
 + Level 11.8 Spellcasting
 + Level 5.8 Conjurations
 + Level 11.0 Fire Magic
 + Level 0.3 Evocations


You had 23 spell levels left.
You knew the following spells:

 Your Spells              Type           Power      Damage    Failure   Level
a - Scorch                Fire           100%       2d9       1%          2
b - Foxfire               Conj/Fire      100%       2x1d9     1%          1
c - Flame Wave            Conj/Fire      75%        2d17      1%          4
d - Mephitic Cloud        Conj/Alch/Air  26%        N/A       2%          3

Your spell library contained the following spells:

 Spells                   Type           Power      Damage    Failure   Level
 Frozen Ramparts          Ice            30%        1d5       4%          3
 Inner Flame              Hex/Fire       62%        N/A       1%          3
 Volatile Blastmotes      Fire/Tloc      100%       2d18      1%          3
 Mercury Vapours          Alch/Air       30%        N/A       2%          2
 Iskenderun's Mystic Bla  Conj/Tloc      31%        2d8       4%          4
 Summon Small Mammal      Summ           60%        N/A       5%          1
 Summon Blazeheart Golem  Fire/Summ      62%        N/A       6%          4
 Sigil of Binding         Hex            15%        N/A       17%         3
 Summon Ice Beast         Ice/Summ       15%        N/A       17%         3
 Tukima's Dance           Hex            15%        N/A       17%         3
 Freezing Cloud           Conj/Ice/Air   13%        6-21      17%         5
 Plasma Beam              Fire/Air       31%        2x1d44    22%         6
 Cause Fear               Hex            7%         N/A       50%         4
 Dimensional Bullseye     Hex/Tloc       7%         N/A       50%         4
 Summon Mana Viper        Hex/Summ       15%        N/A       83%         5
 Summon Cactus Giant      Summ           7%         N/A       100%        6
 Monstrous Menagerie      Summ           7%         N/A       100%        7


Dungeon Overview and Level Annotations

Branches:
Dungeon (11/15)            Temple (1/1) D:5            Lair (0/5) D:9
    Orc: D:9-12

Altars:
Ashenzari
Cheibriados
Dithmenos
Fedhas
Gozag
Hepliaklqana
Kikubaaqudgha
Makhleb
Nemelex Xobeh
Okawaru
Qazlal
Ru
Sif Muna
Trog
Uskayaw
Vehumet
Wu Jian
Xom
Yredelemnul

Shops:
D:10 (

Annotations:
D:9 2 transporters, Bravepunisher's ghost, novice SpMo
D:11 Erolcha


Innate Abilities, Weirdness & Mutations

You are mostly covered in large bone plates. (SH +6)
You regenerate health from kills.
When hurt, damage is shared between your health and your magic reserves.
You regenerate magic rapidly.


Message History

You feel a surge of power!
Flames lash Erolcha.
Erolcha is moderately wounded.
Erolcha's fire resistance burns away.
The foxfire hits Erolcha but does no damage.
Erolcha is moderately wounded.
The foxfire hits Erolcha.
Erolcha is burned terribly!
Erolcha is moderately wounded.
The foxfire hits Erolcha but does no damage.
Erolcha is moderately wounded.
Erolcha mumbles some strange words.
Erolcha flickers and vanishes!
Deactivating autopickup; reactivate with Ctrl-A.
Casting: Scorch (safe; 1% risk of failure)
Confirm with . or Enter, or press ? or * to list all spells.
You can't see any susceptible monsters within range! (Use Z to cast anyway.)
You feel a surge of power!
You conjure some foxfire!
You feel a surge of power!
You conjure some foxfire!
The foxfire hits something but does no damage. x3
You feel a surge of power!
You conjure some foxfire!
The foxfire hits something but does no damage.
Casting: Foxfire (safe; 1% risk of failure)
Confirm with . or Enter, or press ? or * to list all spells.
You can't see any susceptible monsters within range! (Use Z to cast anyway.) Unknown command.
You feel a surge of power!
You conjure some foxfire!
The foxfire hits something. x2; Something hits you!!
Casting: Foxfire (safe; 1% risk of failure)
Confirm with . or Enter, or press ? or * to list all spells.
You feel a surge of power!
Flames lash something.
The foxfire hits something!
The foxfire hits something but does no damage.
Unknown command.
Casting: Scorch (safe; 1% risk of failure)
Confirm with . or Enter, or press ? or * to list all spells.
You feel a surge of power!
Flames lash something.
Something hits you!!
* * * LOW HITPOINT WARNING * * *
Unknown command.
Casting: Scorch (safe; 1% risk of failure)
Confirm with . or Enter, or press ? or * to list all spells.
You feel a surge of power!
Flames lash something.
Something hits you!
You die...

.. #......## .
... ##....###
... #.......#
.... ##......##
.....###.....###
.....#..#...#.#
......#...#.#.#
..........#..##
.......@...###
.....ß.....#
...../.#####
.....#. .......
.....#. .#....#
... #


There were no monsters in sight!

Vanquished Creatures
  3 two-headed ogres
  Erica (D:9)
  A large abomination (D:10)
  An ugly thing (D:11)
  A cyclops (D:6)
  A manticore (D:11)
  Maurice (D:8)
  Maggie (D:9)
  Jeremiah (D:6)
  2 komodo dragons
  A harpy zombie (D:10)
  Psyche (D:8)
  A hydra zombie (D:10)
  Grinder (D:5)
  2 trolls
  A hornet (D:6)
  2 meliai zombies (D:10)
  Sigmund (D:5)
  A shadow (D:11)
  6 wyverns
  3 wraiths
  A yak (D:6)
  A steam dragon (D:8)
  Grum (D:8)
  A two-headed ogre zombie (D:10)
  2 acid dragons
  2 water moccasins
  An ice beast (D:7)
  2 orc warriors (D:9)
  3 wolves (D:8)
  A phantom (D:4)
  2 centaurs (D:9)
  Blork the orc (D:5)
  3 bullfrogs (D:6)
  3 gnoll sergeants
  6 scorpions
  3 wights (D:7)
  3 spriggan zombies (D:10)
  A wolf zombie (D:10)
  3 howler monkeys
  3 bombardier beetles
  2 centaur zombies (D:10)
  A gnoll bouda (D:6)
  7 orc priests
  A sleepcap (D:7)
  6 hounds
  5 iguanas
  3 orc wizards
  Ijyb (D:4)
  3 killer bee zombies (D:10)
  18 gnolls
  3 adders
  3 white imps
  4 ufetubi (D:6)
  4 dart slugs
  3 ribbon worms
  28 orcs
  8 ball pythons
  3 bats
  4 endoplasms
  3 giant cockroaches
  8 goblins
  5 hobgoblins
  2 jackals (D:1)
  4 kobolds
  4 quokkas
  3 frilled lizards
  2 rats
214 creatures vanquished.

Vanquished Creatures (others)
  585 foxfires
585 creatures vanquished.

Grand Total: 799 creatures vanquished

Notes
Turn   | Place    | Note
-------+----------+-------------------------------------------
     0 | D:1      | Atlas the Demonspawn Fire Elementalist began the quest for
                  | the Orb.
     0 | D:1      | Reached XP level 1. HP: 13/13 MP: 3/3
   272 | D:1      | Gained mutation: You regenerate a little health from kills.
                  | [demonic ancestry]
   272 | D:1      | Reached XP level 2. HP: 19/19 MP: 0/5
   275 | D:1      | Learned a level 2 spell: Scorch
   843 | D:1      | Gained mutation: You are partially covered in large bone
                  | plates. (SH +4) [demonic ancestry]
   843 | D:1      | Reached XP level 3. HP: 23/24 MP: 0/6
  1827 | D:2      | Found a faded altar of an unknown god.
  2268 | D:3      | Reached XP level 4. HP: 30/30 MP: 3/7
  2612 | D:3      | Identified the staff of the Revolution {rPois rF+ rN+ rCorr
                  | Str-4 Fire}
  3139 | D:4      | Gained mutation: You regenerate magic rapidly. [demonic
                  | ancestry]
  3139 | D:4      | Reached XP level 5. HP: 35/35 MP: 4/10
  3251 | D:4      | Noticed Ijyb
  3258 | D:4      | Killed Ijyb
  3404 | D:4      | Noticed a phantom
  3412 | D:4      | Killed a phantom
  3413 | D:4      | Reached XP level 6. HP: 41/41 MP: 2/12
  3967 | D:5      | Entered Level 5 of the Dungeon
  4046 | D:5      | Found a staircase to the Ecumenical Temple.
  4073 | D:5      | Noticed Blork the orc
  4082 | D:5      | Killed Blork the orc
  4083 | D:5      | Reached skill level 1 in Armour
  4083 | D:5      | Reached skill level 5 in Fire Magic
  4083 | D:5      | Gained mutation: When hurt, damage is shared between your
                  | health and your magic reserves. [demonic ancestry]
  4083 | D:5      | Reached XP level 7. HP: 46/46 MP: 6/13
  4106 | Temple   | Entered the Ecumenical Temple
  4138 | Temple   | Became a worshipper of Vehumet
  4263 | D:5      | Noticed Sigmund
  4280 | D:5      | Reached skill level 5 in Spellcasting
  4317 | D:5      | Killed Sigmund
  4413 | D:5      | Found a blossoming altar of Fedhas.
  4419 | D:5      | Found a hide-covered altar of Uskayaw.
  4482 | D:5      | Found a shadowy altar of Dithmenos.
  4488 | D:5      | Learned a level 4 spell: Flame Wave
  4505 | D:5      | Noticed Grinder
  4511 | D:5      | Killed Grinder
  4512 | D:5      | Gained mutation: You are mostly covered in large bone
                  | plates. (SH +6) [demonic ancestry]
  4512 | D:5      | Reached XP level 8. HP: 48/52 MP: 7/16
  4577 | D:5      | Identified the +2 mace "Dragonbane" {elec, rElec rC+}
  4619 | D:5      | You fall into a shaft and drop 1 floor!
  4921 | D:5      | Got the Codex of Unfortunate Astrapomancy
  5151 | D:5      | Found a sparkling altar of Nemelex Xobeh.
  5151 | D:5      | Found a basalt altar of Yredelemnul.
  5582 | D:6      | Noticed Jeremiah
  5613 | D:6      | Killed Jeremiah
  6093 | D:6      | Reached XP level 9. HP: 43/58 MP: 4/19
  6095 | D:6      | Reached * piety under Vehumet
  6095 | D:6      | Offered knowledge of Freeze by Vehumet.
  6167 | D:6      | Noticed a two-headed ogre
  6429 | D:6      | Noticed a komodo dragon
  6452 | D:6      | Killed a komodo dragon
  6513 | D:6      | Noticed a troll
  6531 | D:6      | Killed a troll
  6665 | D:6      | Noticed a boulder beetle
  7275 | D:8      | Noticed Psyche
  7281 | D:8      | Killed Psyche
  7286 | D:8      | Noticed Grum
  7295 | D:8      | Killed Grum
  7473 | D:8      | Learned a level 3 spell: Mephitic Cloud
  7482 | D:8      | Noticed a two-headed ogre
  7491 | D:8      | Killed a two-headed ogre
  7492 | D:8      | Reached skill level 1 in Shields
  7492 | D:8      | Reached XP level 10. HP: 64/64 MP: 15/23
  7541 | D:8      | Noticed Maurice
  7554 | D:8      | Reached skill level 5 in Conjurations
  7647 | D:8      | Killed Maurice
  8097 | D:9      | Reached skill level 10 in Spellcasting
  8109 | D:9      | Reached ** piety under Vehumet
  8109 | D:9      | Offered knowledge of Sting by Vehumet.
  8288 | D:9      | Found a transporter.
  8289 | D:9      | Identified the +9 great mace "Reqalohu" {flame, Fly rC+
                  | Stlth+}
  8289 | D:9      | Noticed a two-headed ogre
  8289 | D:9      | Noticed Bravepunisher's ghost (novice SpMo)
  8289 | D:9      | Noticed a two-headed ogre
  8289 | D:9      | Noticed a two-headed ogre
  8291 | D:9      | Noticed a two-headed ogre
  8294 | D:9      | Found a transporter.
  8296 | D:9      | Noticed a two-headed ogre
  8298 | D:9      | Noticed Maggie
  8305 | D:9      | Killed Maggie
  8434 | D:9      | Got the Almanac of the Entourage
  8729 | D:9      | Found a staircase to the Lair.
  8777 | D:10     | Entered Level 10 of the Dungeon
  8777 | D:10     | Noticed Erica
  8777 | D:10     | Noticed a two-headed ogre
  8782 | D:9      | Killed Erica
  8783 | D:9      | Reached skill level 1 in Fighting
  8900 | D:10     | Killed a two-headed ogre
  8901 | D:10     | Gained mutation: You regenerate health from kills. [demonic
                  | ancestry]
  8901 | D:10     | Reached XP level 11. HP: 67/72 MP: 13/25
  8970 | D:10     | Found a basalt altar of Yredelemnul.
  8993 | D:10     | Reached skill level 10 in Fire Magic
  9020 | D:10     | Noticed a large abomination
  9153 | D:10     | Offered knowledge of Frozen Ramparts by Vehumet.
  9155 | D:10     | Killed a large abomination
  9243 | D:10     | Found Guadgheich's Weapon Shop.
  9246 | D:10     | Reached *** piety under Vehumet
  9508 | D:10     | Found an ornate altar of the Wu Jian Council.
  9607 | D:11     | Noticed a cyan ugly thing
  9619 | D:11     | Killed a cyan ugly thing
  9739 | D:6      | Killed a two-headed ogre
 10009 | D:6      | a boulder beetle changed into a steelbarb worm
 10009 | D:6      | Noticed a steelbarb worm
 10530 | D:11     | Noticed Erolcha
 10541 | D:11     | Slain by Erolcha

Illustrated notes

Levels and vault maps discovered:
D:1:      dpeg_arrival_leaves_temple_mockup, layout_basic
D:2:      layout_loops_cross, hellmonk_ecumenical_altar_prayer_group,
          minmay_cut_off
D:3:      layout_basic, small_statue_intersection
D:4:      layout_loops_ring, uniq_ijyb
D:5:      layout_loops_ring, gammafunk_temple_overflow_forgotten,
          grunt_temple_overflow_cloverleaf, minmay_temple_entry_ruins,
          uniq_blork_the_orc, uniq_sigmund, uniq_grinder
D:6:      minmay_klotski, layout_basic, kennysheep_donut, uniq_jeremiah
D:7:      layout_basic
D:8:      layout_cave_pools, uniq_grum, uniq_psyche, uniq_maurice
D:9:      layout_rooms, david_lair_shrubbed, gammafunk_ghost_smash, uniq_maggie
D:10:     layout_rooms, nicolae_wu_jian_immortal_techniques, serial_shops, shop,
          roadster_capsule_ark_zombie, uniq_erica
D:11:     layout_big_octagon, orc_0_dummy, serial_column_ruins,
          column_ruins_hut, column_ruins_circle_medium,
          column_ruins_corridor_dead_end, column_ruins_grid_1,
          column_ruins_open_small, column_ruins_corridor_T, column_ruins_grid_1,
          column_ruins_grid_1, column_ruins_open_small, uniq_erolcha, uniq_sonja
Temple:   nicolae_temple_great_sept

Skill      XL: |  1  2  3  4  5  6  7  8  9 10 11 |
---------------+----------------------------------+-----
Fire Magic     | 3 4 5 6 7 8 9 11 | 11.0
Dodging        | 2 |  2.9
Stealth        | 2 |  2.0
Spellcasting   | 3 4 5 7 9 10 11 | 11.8
Conjurations   | 2 3 4 5 |  5.8
Armour         | 1 2 3 |  3.3
Shields        | 1 |  1.4
Fighting       | 1 |  1.8
Short Blades   | |  0.1
Staves         | |  0.2
Evocations     | |  0.3

Action                     |  1- 3 |  4- 6 |  7- 9 | 10-12 || total
---------------------------+-------+-------+-------+-------++-------
  Melee: Dagger            |    23 |       |       |       ||    23
         Staff             |       |     1 |     7 |     5 ||    13
   Cast: Foxfire           |    51 |    54 |   112 |   116 ||   333
         Scorch            |    18 |    35 |    94 |   117 ||   264
         Flame Wave        |       |       |     5 |     9 ||    14
  Evoke: Wand              |       |       |       |     7 ||     7
    Use: Scroll            |       |       |       |    16 ||    16
         Potion            |       |       |       |     1 ||     1
 Armour: Robe              |    18 |     2 |    23 |     9 ||    52
         Leather armour    |       |       |    23 |       ||    23
         Acid dragon scale |       |       |       |    73 ||    73
  Dodge: Dodged            |    17 |     7 |    29 |    38 ||    91
  Block: Other             |     5 |     2 |    16 |    27 ||    50

Table legend: (Time is in decaauts)
 A = Elapsed time spent in this place.
 B = Non-inter-level travel time spent in this place.
 C = Inter-level travel time spent in this place.
 D = Time resting spent in this place.
 E = Time spent auto-exploring this place.
 F = Levels seen in this place.
 G = Mean time per level.
                   A        B        C        D        E       F      G
               +--------+--------+--------+--------+--------+-----+--------+
         Total |  10552 |   9923 |    629 |    408 |   7850 |  12 |  879.3 |
       Dungeon |  10509 |   9897 |    612 |    408 |   7826 |  11 |  955.4 |
        Temple |     43 |     26 |     17 |      0 |     24 |   1 |   43.0 |
               +--------+--------+--------+--------+--------+-----+--------+

Top non-repeatable levels by time:
     D:6: 1833 daAuts
     D:4: 1184 daAuts
     D:7: 1043 daAuts
     D:1: 1037 daAuts
     D:2: 1028 daAuts
     D:5: 1006 daAuts
     D:9: 967 daAuts
    D:10: 767 daAuts
     D:3: 746 daAuts
     D:8: 660 daAuts
    D:11: 232 daAuts
  Temple: 43 daAuts
